 Dungeon Crawl Stone Soup version 0.26-a0-651-gb41185065b (webtiles) character file.

Game seed: 13173149055858170132

199 Azzok the Changer (level 5, 0/35 HPs)
             Began as a Demonspawn Venom Mage on Oct 18, 2020.
             Slain by a lemure (8 damage)
             ... led by Pikel
             ... on level 4 of the Dungeon.
             The game lasted 00:06:34 (3704 turns).

Azzok the Changer (Demonspawn Venom Mage)           Turns: 3704, Time: 00:06:35

Health: 0/35       AC:  2    Str:  8    XL:     5   Next: 48%
Magic:  1/8        EV: 12    Int: 18    God:
Gold:   283        SH:  0    Dex: 15    Spells: 7/8 levels left

rFire    . . .     SeeInvis .   i - +1 dagger (speed)
rCold    . . .     Faith    .   (no shield)
rNeg     + . .     Spirit   .   a - +0 robe
rPois    .         Reflect  .   (no helmet)
rElec    .         Harm     .   (no cloak)
rCorr    .         Rampage  .   (no gloves)
MR       .....                  (no boots)
Stlth    +++.......             u - amulet of the acrobat
HPRegen  0.11/turn              l - ring of wizardry
MPRegen  0.11/turn              o - ring of positive energy

@: no status effects
A: talons 1, thin skeletal structure 1, rot immunity
a: no special abilities


You were on level 4 of the Dungeon.
You visited 2 branches of the dungeon, and saw 6 of its levels.

You collected 283 gold pieces.

Inventory:

Hand Weapons
 i - a +1 dagger of speed (weapon)
Armour
 a - a +0 robe (worn)
Jewellery
 l - a ring of wizardry (left hand)
 m - an uncursed ring of protection from fire
 o - a ring of positive energy (right hand)
 p - an uncursed amulet of regeneration
 u - an amulet of the acrobat (around neck)
Scrolls
 c - 2 scrolls of magic mapping {unknown}
 d - 3 scrolls of noise {unknown}
 e - 2 scrolls of amnesia {unknown}
 g - 2 scrolls of fear {unknown}
 h - 4 scrolls of identify {unknown}
 j - a scroll of teleportation {unknown}
 k - a scroll of random uselessness {unknown}
 q - a scroll of blinking {unknown}
 r - a scroll of remove curse {unknown}
 v - a scroll of enchant armour {unknown}
Potions
 b - 2 potions of curing {unknown}
 f - a potion of invisibility {unknown}
 n - a potion of resistance {unknown}
 s - a potion of heal wounds {unknown}
 t - a potion of mutation {unknown}


   Skills:
 - Level 1.7 Dodging
 - Level 1.7 Stealth
 - Level 2.0 Spellcasting
 + Level 5.0 Transmutations
 - Level 3.0 Poison Magic


You had 7 spell levels left.
You knew the following spells:

 Your Spells              Type           Power        Failure   Level
a - Sting                 Tmut/Pois      ###.         1%          1

Your spell library contained the following spells:

 Spells                   Type           Power        Failure   Level
 Poisonous Vapours        Pois/Air       #.....       6%          2
 Ignite Poison            Fire/Tmut/Pois ##......     8%          3
 Mephitic Cloud           Conj/Pois/Air  #.......     14%         3
 Olgreb's Toxic Radiance  Pois           ##......     21%         4


Dungeon Overview and Level Annotations

Branches:
Dungeon (5/15)             Temple (1/1) D:4

Altars:
Cheibriados
Dithmenos
Fedhas
Gozag
Hepliaklqana
Kikubaaqudgha
Makhleb
Okawaru
Qazlal
Ru
Uskayaw
Wu Jian
Zin
The Shining One

Shops:
D:4 }

Annotations:
D:4 Pikel


Innate Abilities, Weirdness & Mutations

You have sharp toenails.
You have a somewhat thin skeletal structure. (Dex +2, Stealth)
You are immune to rotting.


Message History

Pikel hits you with a +1 whip of freezing.
* * * LOW HITPOINT WARNING * * *
Pikel freezes you.
* * * LOW HITPOINT WARNING * * *
The lemure hits you.
* * * LOW HITPOINT WARNING * * *
Pikel says, "You'll feel the lick of my whip!"
Pikel barely misses you.
Pikel cracks his whip.
The lemure completely misses you.
Casting: Sting (safe; 1% risk of failure)
Confirm with . or Enter, or press ? or * to list all spells.
Aiming: Sting (safe; 1% risk of failure)
Press: ? - help, Shift-Dir - straight line, f/p - Pikel
Aim: Pikel, wielding a +1 whip of freezing and wearing a +2 robe of resistance (severely wounded, poisoned)
The sting hits Pikel.
Pikel looks even sicker.
Pikel is almost dead.
* * * LOW MAGIC WARNING * * *
The lemure hits you!
You die...

▒▒··▒▒··▒▒▒··▒▒▒·[··
▒············▒▒·····
▒·······▒▒·▒·▒·····▒
▒▒·······▒···▒····▒▒
▒··▒▒▒······╬···▒▒▒
▒···▒▒▒·5·[··▒··▒▒ ▒
▒▒▒·▒▒···▒▒··▒·▒▒
▒··▒▒5······▒▒▒
▒▒@K··▒·····▒ ╬ ▒▒▒ ▒▒▒▒▒▒
▒··5········▒ ▒ ▒·▒
▒▒▒▒·▒▒·▒▒▒▒·▒▒▒······▒ ▒
▒·▒▒▒·▒······▒▒··▒········▒
▒
···▒········>▒············╬
·············)············▒
···········▒▒▒·······▒▒▒··
▒▒·········▒▒···▒····▒ ▒·
▒▒············▒▒······


You could see Pikel (very poisoned) and 2 lemures.

Vanquished Creatures
  A lemure (D:4)
  A hound (D:5)
  An orc priest (D:4)
  An orc wizard (D:2)
  A gnoll (D:1)
  An ooze (D:3)
  3 worms (D:4)
  A dart slug (D:4)
  2 leopard geckos (D:2)
  5 orcs
  2 ball pythons (D:1)
  3 bats
  3 giant cockroaches
  16 goblins
  3 hobgoblins
  8 jackals
  7 kobolds
  4 quokkas (D:2)
  4 frilled lizards
  12 rats
79 creatures vanquished.

Vanquished Creatures (others)
  A fungus (D:2)
  3 plants (D:2)
4 creatures vanquished.

Grand Total: 83 creatures vanquished

Notes
Turn   | Place    | Note
-------+----------+-------------------------------------------
     0 | D:1      | Azzok the Demonspawn Venom Mage began the quest for the
                  | Orb.
     0 | D:1      | Reached XP level 1. HP: 13/13 MP: 3/3
    21 | D:1      | Reached skill level 1 in Transmutations
   314 | D:1      | Gained mutation: You have sharp toenails. [demonic
                  | ancestry]
   314 | D:1      | Reached XP level 2. HP: 19/19 MP: 1/5
   378 | D:1      | Reached skill level 2 in Transmutations
   539 | D:1      | Reached XP level 3. HP: 14/24 MP: 0/6
   865 | D:1      | Reached skill level 3 in Transmutations
  1177 | D:2      | Found a blossoming altar of Fedhas.
  1576 | D:2      | Noticed a phantom
  1582 | D:2      | Gained mutation: You have a somewhat thin skeletal
                  | structure. (Dex +2, Stealth) [demonic ancestry]
  1582 | D:2      | Reached XP level 4. HP: 30/30 MP: 1/7
  2078 | D:3      | Found a glowing silver altar of Zin.
  2188 | D:3      | Found a stormy altar of Qazlal.
  2268 | D:2      | Reached skill level 4 in Transmutations
  2771 | D:4      | Found Lytecabb's Gadget Shoppe.
  2810 | D:4      | Found a staircase to the Ecumenical Temple.
  2863 | Temple   | Entered the Ecumenical Temple
  3187 | D:4      | Gained mutation: You are immune to rotting. [demonic
                  | ancestry]
  3187 | D:4      | Reached XP level 5. HP: 12/35 MP: 3/8
  3190 | D:5      | Entered Level 5 of the Dungeon
  3584 | D:4      | Reached skill level 5 in Transmutations
  3661 | D:4      | Noticed Pikel
  3661 | D:4      | Noticed a lemure
  3661 | D:4      | Noticed a lemure
  3661 | D:4      | Noticed a lemure
  3661 | D:4      | Noticed a lemure
  3680 | D:4      | Killed a lemure
  3704 | D:4      | Slain by a lemure

Illustrated notes

Levels and vault maps discovered:
D:1:      mainiacjoe_arrival_reflecting_pool, layout_rooms
D:2:      layout_basic, fedhas_altar_3
D:3:      layout_basic, zin_statuary, lemuel_coloured_pillars_altar
D:4:      layout_cave_pools, lemuel_round_altar,
          minmay_temple_entry_statues_fountains, serial_shops, shop,
          minmay_quadrilaterals, uniq_pikel
D:5:      layout_loops_ring, lemuel_round_altar, serial_shops,
          nicolae_shop_waterfront
Temple:   minmay_temple_bridge_abc

Skill      XL: |  1  2  3  4  5 |
---------------+----------------+-----
Transmutations | 1 2 3 4 5 |  5.0
Dodging        | |  1.7
Stealth        | |  1.7
Spellcasting   | |  2.0
Poison Magic   | |  3.0

Action                   |  1- 3 |  4- 6 || total
-------------------------+-------+-------++-------
Melee: Unarmed           |    23 |       ||    23
       Kick              |     8 |    21 ||    29
       Dagger            |    28 |    80 ||   108
 Cast: Sting             |    71 |    78 ||   149
 Stab: Sleeping          |     1 |     1 ||     2
Armor: Robe              |    14 |    19 ||    33
Dodge: Dodged            |    37 |    95 ||   132

Table legend: (Time is in decaauts)
 A = Elapsed time spent in this place.
 B = Non-inter-level travel time spent in this place.
 C = Inter-level travel time spent in this place.
 D = Time resting spent in this place.
 E = Time spent auto-exploring this place.
 F = Levels seen in this place.
 G = Mean time per level.
                   A        B        C        D        E       F      G
               +--------+--------+--------+--------+--------+-----+--------+
         Total |   3675 |   3501 |    174 |    907 |   1869 |   6 |  612.5 |
       Dungeon |   3445 |   3308 |    137 |    907 |   1687 |   5 |  689.0 |
        Temple |    230 |    193 |     37 |      0 |    182 |   1 |  230.0 |
               +--------+--------+--------+--------+--------+-----+--------+

Top non-repeatable levels by time:
     D:1: 1228 daAuts
     D:2: 861 daAuts
     D:3: 520 daAuts
     D:4: 454 daAuts
     D:5: 380 daAuts
  Temple: 230 daAuts
